 Dungeon Crawl Stone Soup version 0.29.1-1-gd02db6906a (webtiles) character file.

Game seed: 4274006084175216837

1464 xian the Conjurer (level 8, 0/37 HPs)
             Began as a Vine Stalker Conjurer on Sept 27, 2022.
             Was an Elder of Kikubaaqudgha.
             Slain by a troll (4 damage)
             ... on level 5 of the Dungeon.
             The game lasted 00:17:57 (6133 turns).

xian the Conjurer (Vine Stalker Conjurer)           Turns: 6133, Time: 00:17:57

Health: 0/37       AC:  5    Str: 10    XL:     8   Next: 77%
Magic:  0/18       EV: 13    Int: 20    God:    Kikubaaqudgha [****..]
Gold:   313        SH:  0    Dex: 19    Spells: 11/19 levels left

rFire   . . .      SeeInvis .   b - +0 scythe
rCold   . . .      Faith    .   (shield currently unavailable)
rNeg    . . .      Spirit   +   a - +0 robe
rPois   .          Reflect  .   (no helmet)
rElec   .          Harm     .   (no cloak)
rCorr   .          Rampage  .   (no gloves)
Will    +....                   c - +2 pair of boots
Stlth   +++.......              (no amulet)
HPRegen 0.92/turn               l - +6 ring of dexterity
MPRegen 0.16/turn               (no ring)

@: no status effects
A: fangs 3, regeneration 1, magic shield, antimagic bite, no potion heal 2
a: Renounce Religion, Unearth Wretches


You were on level 5 of the Dungeon.
You worshipped Kikubaaqudgha.
Kikubaaqudgha was greatly pleased with you.
You visited 1 branch of the dungeon, and saw 5 of its levels.
You also visited: Sewer.

You collected 313 gold pieces.

Inventory:

Hand Weapons
 b - a +0 scythe (weapon)
Armour
 a - a +0 robe (worn)
 c - a +2 pair of boots (worn)
Jewellery
 l - a +6 ring of dexterity (left hand)
Scrolls
 d - 6 scrolls of teleportation
 f - 2 scrolls of immolation
 n - a scroll of silence
 o - 2 scrolls of fear
 s - a scroll of enchant armour
 t - a scroll of brand weapon {unknown}
 u - a scroll of poison
 v - a scroll of magic mapping
 w - a scroll of summoning
Potions
 e - a potion of degeneration {unknown}
 g - 2 potions of curing
 h - a potion of magic
 i - 3 potions of cancellation {unknown}
 j - 2 potions of mutation {unknown}
 k - 2 potions of berserk rage {unknown}
 p - a potion of lignification {unknown}
 q - a potion of heal wounds {unknown}
 r - a potion of might {unknown}
 x - a potion of haste {unknown}
 z - a potion of attraction {unknown}
 A - 2 potions of resistance {unknown}
 B - a potion of ambrosia {unknown}
 C - a potion of brilliance {unknown}


   Skills:
 + Level 1.1 Fighting
 + Level 1.8 Polearms
 + Level 2.9 Dodging
 + Level 5.1 Stealth
 + Level 6.1 Spellcasting
 + Level 7.3 Conjurations
 * Level 2.8 Necromancy
 + Level 0.2 Translocations


You had 11 spell levels left.
You knew the following spells:

 Your Spells              Type           Power      Damage    Failure   Level
a - Magic Dart            Conj           100%       1d8       1%          1
b - Searing Ray           Conj           70%        2d7       1%          2
c - Necrotise             Necr           68%        1d7       3%          1
d - Iskenderun's Mystic   Conj/Tloc      21%        2d6       22%         4

Your spell library contained the following spells:

 Spells                   Type           Power      Damage    Failure   Level
 Sublimation of Blood     Necr           17%        N/A       4%          2
 Conjure Flame            Conj/Fire      20%        6-21      7%          3
 Dazzling Flash           Conj/Hex       40%        N/A       7%          3
 Sting                    Tmut/Pois      24%        1d4       11%         1
 Blink                    Tloc           14%        N/A       14%         2
 Poisonous Vapours        Pois/Air       12%        N/A       16%         2
 Fulminant Prism          Conj/Hex       10%        3d9       22%         4
 Sticky Flame             Conj/Fire      20%        2d4       22%         4
 Gell's Gravitas          Tloc           7%         N/A       28%         3
 Lesser Beckoning         Tloc           7%         N/A       28%         3
 Teleport Other           Tloc           7%         N/A       28%         3
 Ignite Poison            Fire/Tmut/Pois 6%         N/A       30%         3
 Summon Guardian Golem    Hex/Summ       6%         N/A       30%         3
 Animate Dead             Necr           17%        N/A       32%         4
 Dispel Undead            Necr           17%        3d10      32%         4
 Anguish                  Hex/Necr       5%         N/A       50%         4
 Corpse Rot               Necr/Pois/Air  9%         N/A       56%         4
 Olgreb's Toxic Radiance  Pois           6%         N/A       71%         4
 Borgnjor's Vile Clutch   Necr/Erth      5%         N/A       85%         5
 Manifold Assault         Tloc           7%         N/A       95%         5
 Death Channel            Necr           8%         N/A       99%         6
 Orb of Destruction       Conj           17%        9d7       99%         7
 Simulacrum               Ice/Necr       5%         N/A       100%        6
 Haunt                    Necr/Summ      5%         N/A       100%        7
 Spellforged Servitor     Conj/Summ      10%        N/A       100%        7
 Storm Form               Tmut/Air       3%         N/A       100%        7


Dungeon Overview and Level Annotations

Branches:
Dungeon (5/15)              Sewer (visited)
 Temple: D:4-7

Altars:
Kikubaaqudgha


Innate Abilities, Weirdness & Mutations

You have razor-sharp teeth.
Your natural rate of healing is unusually fast.
When hurt, damage is shared between your health and your magic reserves.
Your bite disrupts and absorbs the magic of your enemies.
Potions cannot restore your health.


Message History

Aim: a troll (81% to hit)
The searing ray hits the troll.
The troll is lightly wounded. (Press . to maintain the ray.) Unknown command.
The searing ray hits the troll!
The troll is moderately wounded.
The searing ray misses the troll.
The troll bites you! The troll claws you! The troll barely misses you.
The searing ray hits the troll.
The troll is heavily wounded.
You finish channelling your searing ray.
The troll misses you. x2; The troll claws you.
The troll bites you but does no damage. The troll claws you.
The troll barely misses you.
Casting: Searing Ray (safe; 1% risk of failure)
Confirm with . or Enter, or press ? or * to list all spells.
The spell is extremely dangerous to miscast (22% risk of failure)!
Continue anyway?
You erupt in a blast of force!
The mystic blast hits the troll.
The troll is heavily wounded.
The troll is knocked back by the mystic blast.
Casting: Iskenderun's Mystic Blast (extremely dangerous; 22% risk of failure)
Confirm with . or Enter, or press ? or * to list all spells.
Aiming: Searing Ray (safe; 1% risk of failure)
Press: ? - help, Shift-Dir - straight line, f/p - troll
Aim: a troll (heavily wounded, 81% to hit)
The searing ray hits the troll.
The troll is heavily wounded. (Press . to maintain the ray.) Unknown command.
The searing ray hits the troll!
The troll is severely wounded.
The troll bites you. The troll claws you.
* * * LOW HITPOINT WARNING * * *
The troll claws you!
* * * LOW HITPOINT WARNING * * *
Okay, then.
It was a potion of curing.
That felt strangely inert.
The troll bites you.
You die...
Kikubaaqudgha rasps: "You have failed me!
Welcome... death!"

#.########.# #.#
#.######### #.#
#.†.......# #.#
#########.# #.# #.#
#†# #### #.#
#.######...# #.#
#..........#######.#
##..l..÷.......T@).#
#.#####.##).#.#####
#.# )...#..# ##.#
#...#.#.# ...#
#..##.##.# ####
#.#.#.#..# # #. #..#
: #.#


You could see a troll.

Vanquished Creatures
  Sigmund (D:2)
  A water moccasin (D:5)
  An ice beast (D:5)
  An ogre (D:5)
  2 black bears
  A centaur (D:5)
  A kobold brigand (Sewer)
  A necrophage (D:5)
  A scorpion (D:4)
  A hound (D:5)
  2 jellies
  3 orc priests
  2 iguanas (D:5)
  Ijyb (D:5)
  2 orc wizards (D:3)
  14 adders
  A river rat (Sewer)
  An ufetubus (D:5)
  A worm (Sewer)
  2 dart slugs
  21 orcs
  5 endoplasms
  3 giant cockroaches
  5 goblins
  12 hobgoblins
  2 jackals (D:3)
  14 kobolds
  4 quokkas
  7 ball pythons
  7 bats
  3 frilled lizards
  17 rats
140 creatures vanquished.

Vanquished Creatures (collateral kills)
  A kobold (Sewer)
1 creature vanquished.

Grand Total: 141 creatures vanquished

Notes
Turn   | Place    | Note
-------+----------+-------------------------------------------
     0 | D:1      | xian the Vine Stalker Conjurer began the quest for the Orb.
     0 | D:1      | Reached XP level 1. HP: 9/9 MP: 4/4
   331 | D:1      | Reached XP level 2. HP: 13/13 MP: 3/6
   334 | D:1      | Learned a level 2 spell: Searing Ray
   435 | D:1      | Found a faded altar of an unknown god.
   444 | D:1      | Prayed at the altar of an unknown god.
   444 | D:1      | Became a worshipper of Kikubaaqudgha
   444 | D:1      | Reached * piety under Kikubaaqudgha
   444 | D:1      | Received a gift from Kikubaaqudgha
   463 | D:1      | Learned a level 1 spell: Necrotise
   763 | D:2      | Reached XP level 3. HP: 16/16 MP: 4/7
   979 | D:2      | Noticed Sigmund
   992 | D:2      | Killed Sigmund
   993 | D:2      | Reached skill level 5 in Conjurations
   993 | D:2      | Gained mutation: Your natural rate of healing is unusually
                  | fast. [Vine Stalker growth]
   993 | D:2      | Reached XP level 4. HP: 3/21 MP: 2/9
   993 | D:2      | Reached XP level 5. HP: 3/24 MP: 2/10
  1752 | D:2      | You fall into a shaft and drop 1 floor!
  1798 | D:3      | Reached ** piety under Kikubaaqudgha
  1844 | D:3      | Reached skill level 6 in Conjurations
  1848 | D:3      | Reached XP level 6. HP: 16/28 MP: 1/12
  2720 | D:3      | Learned a level 4 spell: Iskenderun's Mystic Blast
  3002 | D:4      | Noticed a black bear
  3011 | D:4      | Killed a black bear
  3243 | D:4      | Reached XP level 7. HP: 32/32 MP: 9/14
  3369 | D:4      | Got the Precepts of Assistive Venin
  3381 | D:4      | Reached skill level 1 in Polearms
  3565 | D:4      | Reached *** piety under Kikubaaqudgha
  3565 | D:4      | Received a gift from Kikubaaqudgha
  4133 | D:5      | Entered Level 5 of the Dungeon
  4450 | D:5      | Reached skill level 5 in Spellcasting
  4450 | D:5      | Reached skill level 7 in Conjurations
  4450 | D:5      | Reached skill level 1 in Necromancy
  4553 | D:5      | Gained mutation: You have razor-sharp teeth. [Vine Stalker
                  | growth]
  4553 | D:5      | Reached XP level 8. HP: 32/37 MP: 4/16
  4730 | D:5      | Found a glowing drain.
  4738 | Sewer    | Entered a sewer
  5223 | Sewer    | Reached **** piety under Kikubaaqudgha
  5367 | D:5      | Noticed Ijyb
  5378 | D:5      | Killed Ijyb
  5701 | D:5      | Noticed a vampire
  5721 | D:5      | Reached skill level 5 in Stealth
  6017 | D:5      | Reached skill level 1 in Fighting
  6037 | D:5      | Noticed a troll
  6133 | D:5      | Slain by a troll

Illustrated notes

Levels and vault maps discovered:
D:1:      saegor_arrival_simple_d, layout_rooms,
          chequers_ecumenical_altar_simple_redux
D:2:      minmay_general_purpose_star, layout_basic, chequers_mini_garden,
          minmay_rat_gold_closets, uniq_sigmund
D:3:      layout_rooms, chequers_avenue
D:4:      layout_loops_corners, kennysheep_generic_room_14
D:5:      layout_loops_ring, portal_sewer_entry_b, minmay_manual_mess, uniq_ijyb

Skill      XL: |  1  2  3  4  5  6  7  8 |
---------------+-------------------------+-----
Stealth        | 3 4 5 |  5.1
Spellcasting   | 3 4 5 6 |  6.1
Conjurations   | 5 6 7 |  7.3
Dodging        | 2 |  2.9
Polearms       | 1 |  1.8
Necromancy     | 1 2 |  2.8
Fighting       | 1 |  1.1
Translocations | |  0.2

Action                   |  1- 3 |  4- 6 |  7- 9 || total
-------------------------+-------+-------+-------++-------
Melee: Whip              |     3 |       |       ||     3
       Halberd           |       |    18 |    15 ||    33
       Bite              |       |     6 |     5 ||    11
 Cast: Magic Dart        |    45 |    71 |    81 ||   197
       Searing Ray       |     1 |     9 |    29 ||    39
       Necrotise         |       |       |     8 ||     8
       Iskenderun's Myst |       |       |     2 ||     2
Evoke: Wand              |       |       |     1 ||     1
  Use: Potion            |     1 |       |     2 ||     3
       Scroll            |       |     6 |     5 ||    11
 Stab: Sleeping          |       |       |     2 ||     2
Armor: Robe              |     1 |    19 |    22 ||    42
Dodge: Dodged            |     2 |    14 |    66 ||    82
